 Dungeon Crawl Stone Soup version 0.20-a0-441-g89e74e4 (webtiles) character file.

19 M4edhros the Grave Robber (level 2, -1/17 HPs)
             Began as an Octopode Necromancer on Jan 6, 2017.
             Slain by Natasha (4 damage)
             ... on level 3 of the Dungeon.
             The game lasted 00:01:36 (272 turns).

M4edhros the Grave Robber (Octopode Necromancer)     Turns: 272, Time: 00:01:37

Health: -1/17      AC:  1    Str:  7    XL:     2   Next: 75%
Magic:  1/5        EV: 19    Int: 17    God:
Gold:   32         SH:  0    Dex: 17    Spells: 4/5 levels left

rFire  . . .     SeeInvis +       - Unarmed
rCold  . . .     Gourm    .     (no shield)
rNeg   . . .     Faith    .     (helmet restricted)
rPois  .         Spirit   .     (no amulet)
rElec  .         Reflect  .     d - ring of see invisible
rCorr  .         Harm     .     (no ring)
MR     .....                    (no ring)
Stlth  ++++......               (no ring)
                                (no ring)
                                (no ring)
                                (no ring)
                                (no ring)

@: agile
A: almost no armour, stealthy swim, amphibious, 8 rings, constrict 8, camouflage
1, gelatinous body 1
a: no special abilities


You were on level 3 of the Dungeon.
You were not hungry.

You visited 1 branch of the dungeon, and saw 3 of its levels.

You collected 32 gold pieces.

Inventory:

Jewellery
 d - a ring of see invisible (left tentacle)
Scrolls
 e - a scroll of identify {unknown}
 g - a scroll of teleportation {unknown}
 h - a scroll of recharging {unknown}
 i - a scroll of random uselessness {unknown}
Books
 a - a book of Necromancy

   Spells                             Type                      Level
   a - Pain                           Necromancy                   1
   b - Animate Skeleton               Necromancy                   1
   c - Vampiric Draining              Necromancy                   3
   d - Regeneration                   Charms/Necromancy            3
   e - Animate Dead                   Necromancy                   4
   f - Control Undead                 Necromancy                   4
Comestibles
 b - a bread ration
 f - a fruit


   Skills:
 - Level 2.0 Dodging
 - Level 2.6 Stealth
 + Level 2.2 Unarmed Combat
 - Level 2.0 Spellcasting
 - Level 4.0 Necromancy


You had 4 spell levels left.
You knew the following spells:

 Your Spells              Type           Power        Failure   Level  Hunger
a - Pain                  Necr           ###.         3%          1    #......


Dungeon Overview and Level Annotations

Branches:
Dungeon (3/15)

Altars:

Annotations:
D:3 Natasha


Innate Abilities, Weirdness & Mutations

You cannot wear most types of armour.
You are very stealthy in the water. (Stealth+)
You are amphibious.
You can wear up to eight rings at the same time.
You can use your tentacles to constrict eight enemies at once.
Your skin changes colour to match your surroundings (Stealth+).
Your rubbery body absorbs attacks. (AC +1, EV +1)


Message History

Confirm with . or Enter, or press ? or * to list all spells.
Aiming: Pain
Press: ? - help, Shift-Dir - straight line, f - Natasha
Aim: Natasha (chance to defeat MR: 73%) Natasha writhes in agony!
You barely miss Natasha. Your grab misses Natasha.
Natasha is lightly wounded.
Natasha completely misses you.
You tentacle-slap Natasha but do no damage.
Your grab misses Natasha.
Natasha is lightly wounded.
Natasha barely misses you.
You completely miss Natasha. You grab Natasha.
Natasha is lightly wounded.
You constrict Natasha. Natasha closely misses you.
You tentacle-slap Natasha.
Your tentacle-slap misses Natasha.
Natasha is heavily wounded.
You constrict Natasha, but do no damage.
Natasha claws you.
You die...

### ...
#.###
#...#
#@########
#h#......#
#5#.####.#
#....
#.#.#<...#
##..g..#
#.#.######
#.g....#
#g#.
#..gh#.#
#.##
#.o..#.#
#.#
#....#.#
#.#


You could see an iron imp, Natasha and a gnoll.

Vanquished Creatures
  A gnoll (D:3)
  A dart slug (D:1)
  A bat (D:2)
  A giant cockroach (D:3)
  A goblin (D:1)
  A hobgoblin (D:1)
  A ball python (D:1)
  A frilled lizard (D:3)
8 creatures vanquished.

Notes
Turn   | Place    | Note
-------+----------+-------------------------------------------
     0 | D:1      | M4edhros the Octopode Necromancer began the quest for the Orb.
     0 | D:1      | Reached XP level 1. HP: 11/11 MP: 3/3
    51 | D:1      | Reached skill level 1 in Unarmed Combat
   171 | D:2      | Reached XP level 2. HP: 7/17 MP: 1/5
   237 | D:3      | Noticed Natasha
   272 | D:3      | Slain by Natasha

Vault maps used:
D:1:      minmay_arrival_stone_box, st_stairs_9
D:2:      kennysheep_six_static_rooms, minmay_misc_feat_tiny
D:3:      trog_three_pillars_becter, uniq_natasha, uniq_iyjb,
          uniq_crazy_yiuf_cottage

Skill      XL: |  1  2 |
---------------+-------+-----
Unarmed Combat | 1 2 |  2.2
Dodging        | |  2.0
Stealth        | |  2.6
Spellcasting   | |  2.0
Necromancy     | |  4.0

Action                   || total
-------------------------++-------
Melee: Unarmed           ||    10
       Constrict         ||     2
       Tentacles         ||     1
 Cast: Pain              ||    13
  Use: Potion            ||     1
 Stab: Sleeping          ||     2
Armor: Skin              ||     1
Dodge: Dodged            ||     4
